 Dungeon Crawl Stone Soup version 0.26.1-11-gd32895ea62 (webtiles) character file.

Game seed: 5805477600815504023

114 bigdumb the Shield-Bearer (level 4, -1/38 HPs)
             Began as a Demigod Fighter on June 20, 2021.
             Killed by divine providence
             ... invoked by an orc priest
              (13 damage)
             ... on level 3 of the Dungeon.
             The game lasted 00:02:47 (1862 turns).

bigdumb the Shield-Bearer (Demigod Fighter)         Turns: 1862, Time: 00:02:47

Health: -1/38      AC: 11    Str: 21    XL:     4   Next: 40%
Magic:  6/6        EV:  5    Int: 12    God:
Gold:   90         SH: 14    Dex: 15    Spells: 3/3 levels left

rFire    . . .     SeeInvis .   a - +0 long sword
rCold    . . .     Faith    .   c - +0 kite shield
rNeg     . . .     Spirit   .   t - +0 chain mail
rPois    .         Reflect  +   (no helmet)
rElec    .         Harm     .   i - +0 cloak
rCorr    .         Rampage  .   g - +0 pair of gloves
Will     .....                  (no boots)
Stlth    ..........             m - amulet of reflection
HPRegen  0.12/turn              (no ring)
MPRegen  0.10/turn              (no ring)

@: no status effects
A: high mp 1
a: no special abilities


You were on level 3 of the Dungeon.
You visited 1 branch of the dungeon, and saw 3 of its levels.

You collected 90 gold pieces.

Inventory:

Hand Weapons
 a - a +0 long sword (weapon)
 p - a +0 short sword
Armour
 b - a +0 scale mail
 c - a +0 kite shield (worn)
 g - a +0 pair of gloves (worn)
 i - a +0 cloak (worn)
 t - a +0 chain mail (worn)
Jewellery
 d - an uncursed amulet of magic regeneration
 m - an amulet of reflection (around neck)
 n - an uncursed amulet of regeneration {unknown}
Scrolls
 e - a scroll of random uselessness {unknown}
 f - 3 scrolls of remove curse {unknown}
 h - 2 scrolls of enchant armour {unknown}
 j - 3 scrolls of identify {unknown}
 k - a scroll of fog {unknown}
 s - 2 scrolls of teleportation {unknown}
Potions
 l - a potion of haste {unknown}
 o - 2 potions of heal wounds {unknown}
 q - a potion of might
 r - a potion of cancellation {unknown}


   Skills:
 + Level 3.1 Fighting
 + Level 2.8 Long Blades
 + Level 3.3 Armour
 * Level 0.7 Dodging
 + Level 3.3 Shields


You had 3 spell levels left.
You didn't know any spells.
Your spell library was empty.

Dungeon Overview and Level Annotations

Branches:
Dungeon (3/15)

Annotations:
D:3 Natasha


Innate Abilities, Weirdness & Mutations

You have an increased reservoir of magic. (+10% MP)


Message History

The orc shouts!
The orc priest shouts!
You block the bat's attack.
Found a robe.
The bat hits you but does no damage. The adder bites you but does no damage.
Natasha, Servant of Life and Death comes into view.
You hit the orc priest.
The orc priest is lightly wounded.
You block the bat's attack. The adder bites you.
The orc priest hits you but does no damage.
The orc priest calls down the wrath of Beogh upon you.
Beogh smites you! The adder barely misses you.
You riposte.
You miss the adder.
Natasha casts a spell.
You block the orc priest's attack. You block the bat's attack.
The orc priest mumbles some strange prayers to Beogh against you.
Beogh smites you! You block the bat's attack. You block the bat's attack.
The orc priest mumbles some strange prayers to Beogh against you.
Beogh smites you!
You die...

.5.............#
.h.............#
..o............##
................#
.....o.......##.#
#[....oo....###.#
######OS##### #.# #
##b# #.# ..
#@#######.#
..########.........#
...............<##
#...####.......#
#.##...###..#######
#.....<....##
####...##### #...#
#####


You could see an ogre, 2 orc priests, Natasha, an adder, 2 orcs and a bat.

Vanquished Creatures
  4 adders (D:2)
  4 gnolls (D:2)
  3 worms (D:2)
  2 leopard geckos
  3 bats
  2 giant cockroaches
  4 goblins
  2 hobgoblins (D:1)
  7 kobolds
  3 rats
34 creatures vanquished.

Vanquished Creatures (others)
  5 fungi (D:2)
  2 plants (D:2)
7 creatures vanquished.

Grand Total: 41 creatures vanquished

Notes
Turn   | Place    | Note
-------+----------+-------------------------------------------
     0 | D:1      | bigdumb the Demigod Fighter began the quest for the Orb.
     0 | D:1      | Reached XP level 1. HP: 18/18 MP: 3/3
   133 | D:1      | You fall into a shaft and drop 1 floor!
   155 | D:2      | Reached XP level 2. HP: 4/25 MP: 4/4
   161 | D:2      | Reached XP level 3. HP: 4/31 MP: 5/5
  1277 | D:2      | Reached XP level 4. HP: 35/38 MP: 6/6
  1691 | D:2      | Found a blossoming altar of Fedhas.
  1854 | D:3      | Noticed an ogre
  1858 | D:3      | Noticed Natasha
  1862 | D:3      | Killed from afar by an orc priest

Illustrated notes

Levels and vault maps discovered:
D:1:      amcnicky_arrival_underground_garden, layout_loops_ring
D:2:      layout_rooms, fedhas_altar_3
D:3:      layout_rooms, uniq_terence, uniq_natasha

Skill      XL: |  1  2 |
---------------+-------+-----
Fighting       | 3 |  3.1
Long Blades    | 2 |  2.8
Armour         | 3 |  3.3
Shields        | 3 |  3.3
Dodging        | |  0.7

Action                   |  1- 3 |  4- 6 || total
-------------------------+-------+-------++-------
Melee: Long sword        |    80 |    32 ||   112
  Use: Potion            |     2 |       ||     2
Armor: Scale mail        |    34 |     5 ||    39
       Chain mail        |       |     4 ||     4
Dodge: Dodged            |    18 |     9 ||    27
Block: Kite shield       |    53 |    21 ||    74
       Rpst.: Long sword |     2 |     2 ||     4
